MID
GREAT LAKES LOONS @ DAYTON DRAGONS
07/29/2047
 
TOP OF THE 1ST
Great Lakes Loons batting - Pitching for Dayton Dragons : LHP Juan Garcia
Pitching: LHP Juan Garcia
Batting: RHB Josh Crenwelge 0-0: Foul Ball, location: 2F
0-1: Ball
1-1: Foul Ball, location: 2F
1-2: Foul Ball, location: 2F
1-2: Fly out, F3 (Popup, 3S, EV 80.6 MPH)
Batting: RHB Bobby Gray 0-0: Swinging Strike
0-1: Ball
1-1: Called Strike
1-2: Ball
2-2: Foul Ball, location: 2F
2-2: Ball
3-2: Base on Balls
Batting: LHB Stephen Van Raalte 0-0: Called Strike
0-1: Hit by Pitch
Bobby Gray to second
Batting: RHB Devon Fourcade 0-0: Ball
1-0: Called Strike
1-1: Ball
2-1: Swinging Strike
2-2: Foul Ball, location: 2F
2-2: Foul Ball, location: 2F
2-2: Strikes out swinging
Batting: RHB Steve Clark 0-0: Called Strike
0-1: Ball
1-1: SINGLE (Groundball, 56D, EV 97.5 MPH)
Bobby Gray to third
Stephen Van Raalte to second
Runner from 3rd tries for Home, SAFE, throw by LF to home
Batting: RHB T.J. Jordan 0-0: Foul Ball, location: 2F
0-1: Fielders Choice at 2nd, 6-4 (Groundball, 6D, EV 101.9 MPH)
Top of the 1st over - 1 run, 1 hit, 0 errors, 2 left on base; Great Lakes 1 - Dayton 0
BOTTOM OF THE 1ST
Dayton Dragons batting - Pitching for Great Lakes Loons : RHP Bob Lattin
Pitching: RHP Bob Lattin
Batting: LHB Fernando Gomez 0-0: Called Strike
0-1: Ground out 3-1 (Groundball, 34, EV 85.6 MPH)
Batting: RHB Pedro Pinero 0-0: Called Strike
0-1: Foul Ball, location: 2F
0-2: Reached on error, E6 (Groundball, 6, EV 107.5 MPH)
Batting: RHB Mark Williams 0-0: Called Strike
Pedro Pinero steals 2nd base
0-1: SINGLE (Line Drive, 34, EV 95.0 MPH)
Pedro Pinero to third
Batting: LHB Chris Redhead 0-0: Ball
1-0: Swinging Strike
1-1: Ball
2-1: Ball
3-1: Called Strike
3-2: Base on Balls
Mark Williams to second
Batting: RHB Tony Casas 0-0: Foul Ball, location: 2F
0-1: Ball
1-1: Ball
2-1: Ball
3-1: Called Strike
3-2: Fielders Choice at 2nd, 6-4 (Groundball, 6, EV 107.5 MPH)
Pedro Pinero scores
Mark Williams to third
Batting: LHB Brian Snyder 0-0: Called Strike
0-1: Foul Ball, location: 2F
0-2: Ball
1-2: Strikes out swinging
Bottom of the 1st over - 1 run, 1 hit, 1 error, 2 left on base; Great Lakes 1 - Dayton 1
TOP OF THE 2ND
Great Lakes Loons batting - Pitching for Dayton Dragons : LHP Juan Garcia
Batting: RHB Trevor Conklin 0-0: Called Strike
0-1: Foul Ball, location: 2F
0-2: Ball
1-2: Foul Ball, location: 2F
1-2: Ground out 4-3 (Groundball, 34, EV 81.2 MPH)
Batting: SHB Nate Kopchak 0-0: Ground out 6-3 (Groundball, P, EV 89.4 MPH)
Batting: SHB Xavier Alaniz 0-0: SINGLE (Groundball, 56D, EV 98.1 MPH)
Batting: RHB Josh Crenwelge 0-0: Ground out 1-3 (Groundball, 15S, EV 73.8 MPH)
Top of the 2nd over - 0 runs, 1 hit, 0 errors, 1 left on base; Great Lakes 1 - Dayton 1
BOTTOM OF THE 2ND
Dayton Dragons batting - Pitching for Great Lakes Loons : RHP Bob Lattin
Batting: LHB Phil Lomax 0-0: Ground out 4-3 (Groundball, 4S, EV 81.9 MPH)
Batting: RHB Felipe Pineda 0-0: Reached on error, E6 (Groundball, 6S, EV 81.9 MPH)
Batting: LHB Armando Arellano 0-0: Ball
1-0: Swinging Strike
1-1: Swinging Strike
1-2: Foul Ball, location: 2F
1-2: Foul Ball, location: 2F
1-2: Strikes out swinging
Batting: LHB Fernando Gomez 0-0: Called Strike
0-1: Ball
1-1: SINGLE (Groundball, 56D, EV 98.8 MPH)
Felipe Pineda to second
Batting: RHB Pedro Pinero 0-0: Swinging Strike
0-1: Foul Ball, location: 2F
0-2: Ball
1-2: Ball
2-2: Fly out, F4 (Popup, 4D, EV 51.2 MPH)
Bottom of the 2nd over - 0 runs, 1 hit, 1 error, 2 left on base; Great Lakes 1 - Dayton 1
TOP OF THE 3RD
Great Lakes Loons batting - Pitching for Dayton Dragons : LHP Juan Garcia
Batting: RHB Bobby Gray 0-0: Called Strike
0-1: Called Strike
0-2: Ball
1-2: Ground out 4-3 (Groundball, 4, EV 86.2 MPH)
Batting: LHB Stephen Van Raalte 0-0: Ball
1-0: Ground out 5-3 (Groundball, 6, EV 92.5 MPH)
Batting: RHB Devon Fourcade 0-0: Foul Ball, location: 2F
0-1: Ball
1-1: SINGLE (Line Drive, 7LS, EV 111.9 MPH)
Batting: RHB Steve Clark 0-0: Ball
1-0: Ball
2-0: Foul Ball, location: 2F
2-1: Ball
3-1: SINGLE (Flyball, 4MD, EV 83.1 MPH)
Devon Fourcade to second
Batting: RHB T.J. Jordan 0-0: Ball
1-0: Foul Ball, location: 2F
1-1: Foul Ball, location: 2F
1-2: Ball
2-2: Strikes out swinging
Top of the 3rd over - 0 runs, 2 hits, 0 errors, 2 left on base; Great Lakes 1 - Dayton 1
BOTTOM OF THE 3RD
Dayton Dragons batting - Pitching for Great Lakes Loons : RHP Bob Lattin
Batting: RHB Mark Williams 0-0: Called Strike
0-1: Ball
1-1: Foul Ball, location: 2F
1-2: Ball
2-2: Strikes out swinging
Batting: LHB Chris Redhead 0-0: Called Strike
0-1: Ball
1-1: Ball
2-1: Ball
3-1: Base on Balls
Batting: RHB Tony Casas 0-0: Called Strike
0-1: Swinging Strike
Balk!
Chris Redhead to second
0-2: Strikes out swinging
Batting: LHB Brian Snyder 0-0: Reached on error, E2 (Groundball, 2L, EV 64.4 MPH)
Chris Redhead scores
Batting: LHB Phil Lomax 0-0: Ball
1-0: Called Strike
1-1: Ball
2-1: SINGLE (Line Drive, 4M, EV 103.1 MPH)
Brian Snyder to third
Runner from 3rd tries for Home, throw by CF and OUT! 8-2
Bottom of the 3rd over - 1 run, 1 hit, 1 error, 1 left on base; Great Lakes 1 - Dayton 2
TOP OF THE 4TH
Great Lakes Loons batting - Pitching for Dayton Dragons : LHP Juan Garcia
Batting: RHB Trevor Conklin 0-0: Called Strike
0-1: Ball
1-1: Ball
2-1: Called Strike
2-2: Strikes out looking
Batting: SHB Nate Kopchak 0-0: Ball
1-0: Ball
2-0: Swinging Strike
2-1: Called Strike
2-2: Strikes out swinging
Batting: SHB Xavier Alaniz 0-0: Ball
1-0: DOUBLE (Line Drive, 89D, EV 113.1 MPH)
Batting: RHB Josh Crenwelge 0-0: Ball
1-0: Foul Ball, location: 2F
1-1: Ball
2-1: Foul Ball, location: 2F
2-2: Fly out, F3 (Popup, 3S, EV 71.2 MPH)
Top of the 4th over - 0 runs, 1 hit, 0 errors, 1 left on base; Great Lakes 1 - Dayton 2
BOTTOM OF THE 4TH
Dayton Dragons batting - Pitching for Great Lakes Loons : RHP Bob Lattin
Batting: RHB Felipe Pineda 0-0: Fly out, F7 (Flyball, 7LM, EV 93.1 MPH)
Batting: LHB Armando Arellano 0-0: Fly out, F9 (Flyball, 9, EV 86.9 MPH)
Batting: LHB Fernando Gomez 0-0: Foul Ball, location: 2F
0-1: Swinging Strike
0-2: Strikes out swinging
Bottom of the 4th over - 0 runs, 0 hits, 0 errors, 0 left on base; Great Lakes 1 - Dayton 2
TOP OF THE 5TH
Great Lakes Loons batting - Pitching for Dayton Dragons : LHP Juan Garcia
Batting: RHB Bobby Gray 0-0: Ball
1-0: Foul Ball, location: 2F
1-1: Swinging Strike
1-2: Ball
2-2: Foul Ball, location: 2F
2-2: Strikes out looking
Pitching: LHP John Maher
Batting: LHB Stephen Van Raalte 0-0: Swinging Strike
0-1: Ball
1-1: Ball
2-1: Ball
3-1: Base on Balls
Batting: RHB Devon Fourcade 0-0: Foul Ball, location: 2F
0-1: Called Strike
0-2: Foul Ball, location: 2F
0-2: Foul Ball, location: 2F
0-2: Ball
1-2: Ball
2-2: SINGLE (Line Drive, 7S, EV 95.0 MPH)
Stephen Van Raalte to second
Batting: RHB Steve Clark 0-0: Ball
1-0: SINGLE (Groundball, 34D, EV 101.9 MPH)
Stephen Van Raalte to third
Devon Fourcade to second
Batting: RHB T.J. Jordan 0-0: Called Strike
0-1: Foul Ball, location: 2F
0-2: Strikes out swinging
Batting: RHB Trevor Conklin 0-0: Foul Ball, location: 2F
0-1: Ball
1-1: Foul Ball, location: 2F
1-2: Ball
2-2: Ball
3-2: SINGLE (Groundball, 6D, EV 111.9 MPH)
Stephen Van Raalte scores
Devon Fourcade to third
Steve Clark to second
Devon Fourcade scores
Steve Clark to third
Batting: SHB Nate Kopchak 0-0: Ball
1-0: Ball
2-0: Called Strike
2-1: Swinging Strike
2-2: Strikes out swinging
Top of the 5th over - 2 runs, 3 hits, 0 errors, 2 left on base; Great Lakes 3 - Dayton 2
BOTTOM OF THE 5TH
Dayton Dragons batting - Pitching for Great Lakes Loons : RHP Bob Lattin
Batting: RHB Pedro Pinero 0-0: Fly out, F4 (Line Drive, 4M, EV 63.8 MPH)
Batting: RHB Mark Williams 0-0: Hit by Pitch
Batting: LHB Chris Redhead 0-0: Foul Ball, location: 2F
0-1: Ball
1-1: Called Strike
1-2: Ground out 6-3 (Groundball, 6M, EV 100.6 MPH)
Mark Williams to second
Batting: RHB Tony Casas 0-0: DOUBLE (Groundball, 5L, EV 102.5 MPH)
Mark Williams scores
Batting: LHB Brian Snyder 0-0: Ball
1-0: Called Strike
1-1: Ground out 4-3 (Groundball, 34, EV 89.4 MPH)
Bottom of the 5th over - 1 run, 1 hit, 0 errors, 1 left on base; Great Lakes 3 - Dayton 3
TOP OF THE 6TH
Great Lakes Loons batting - Pitching for Dayton Dragons : LHP John Maher
Batting: SHB Xavier Alaniz 0-0: Called Strike
0-1: Ground out 4-3 (Groundball, 6MD, EV 92.5 MPH)
Batting: RHB Josh Crenwelge 0-0: Called Strike
0-1: Foul Ball, location: 2F
0-2: Ball
1-2: Ball
2-2: Ball
3-2: Ground out 5-3 (Groundball, 56, EV 80.6 MPH)
Batting: RHB Bobby Gray 0-0: Fly out, F7 (Flyball, 78M, EV 94.4 MPH)
Top of the 6th over - 0 runs, 0 hits, 0 errors, 0 left on base; Great Lakes 3 - Dayton 3
BOTTOM OF THE 6TH
Dayton Dragons batting - Pitching for Great Lakes Loons : RHP Bob Lattin
Batting: LHB Phil Lomax 0-0: Called Strike
0-1: Called Strike
0-2: Ball
1-2: Strikes out swinging
Batting: RHB Felipe Pineda 0-0: Swinging Strike
0-1: SINGLE (Groundball, 4S, EV 65.0 MPH) (infield hit)
Batting: LHB Armando Arellano Pickoff Play to 1st, Runner tries for 2nd, OUT after rundown.
0-0: Called Strike
0-1: SINGLE (Groundball, 6D, EV 97.5 MPH)
Batting: LHB Fernando Gomez 0-0: Ball
1-0: Ball
2-0: Ball
3-0: Base on Balls
Armando Arellano to second
Batting: RHB Pedro Pinero 0-0: Ball
1-0: Ball
2-0: Ball
3-0: Called Strike
3-1: Fielders Choice at 2nd, 5-4 (Groundball, 56, EV 102.5 MPH)
Bottom of the 6th over - 0 runs, 2 hits, 0 errors, 2 left on base; Great Lakes 3 - Dayton 3
TOP OF THE 7TH
Great Lakes Loons batting - Pitching for Dayton Dragons : LHP John Maher
Pitching: RHP Vic Flores
Batting: LHB Stephen Van Raalte 0-0: Ball
1-0: Ball
2-0: Called Strike
2-1: Ground out 5-3 (Groundball, 56, EV 91.9 MPH)
Pinch Hitting: LHB Robin More 0-0: Called Strike
0-1: Fly out, F9 (Flyball, 9D, EV 98.8 MPH)
Batting: RHB Steve Clark 0-0: Fly out, F9 (Flyball, 9D, EV 91.2 MPH)
Top of the 7th over - 0 runs, 0 hits, 0 errors, 0 left on base; Great Lakes 3 - Dayton 3
BOTTOM OF THE 7TH
Dayton Dragons batting - Pitching for Great Lakes Loons : RHP Bob Lattin
Now at 3B: Brad Brady
Batting: RHB Mark Williams 0-0: Called Strike
0-1: Called Strike
0-2: Ball
1-2: Ground out 6-3 (Groundball, 6, EV 81.2 MPH)
Batting: LHB Chris Redhead 0-0: Ball
1-0: Called Strike
1-1: Called Strike
1-2: SINGLE (Flyball, 4MD, EV 88.1 MPH)
Batting: RHB Tony Casas 0-0: Foul Ball, location: 2F
0-1: Ball
1-1: Ball
2-1: Ball
3-1: Base on Balls
Chris Redhead to second
Batting: LHB Brian Snyder 0-0: Ball
1-0: Foul Ball, location: 2F
1-1: Fielders Choice at 2nd, 2-4 (Groundball, 2L, EV 70.0 MPH)
Chris Redhead to third
Batting: LHB Phil Lomax 0-0: Called Strike
0-1: Called Strike
0-2: Foul Ball, location: 2F
0-2: SINGLE (Groundball, 13S, EV 75.0 MPH) (infield hit)
Chris Redhead scores
Brian Snyder to second
Pitching: RHP Carlos Llamas
Batting: RHB Felipe Pineda 0-0: Swinging Strike
0-1: Called Strike
0-2: Ball
1-2: Foul Ball, location: 2F
1-2: Foul Ball, location: 2F
1-2: Fielders Choice at 2nd, 5-4 (Groundball, 56, EV 81.9 MPH)
Bottom of the 7th over - 1 run, 2 hits, 0 errors, 2 left on base; Great Lakes 3 - Dayton 4
TOP OF THE 8TH
Great Lakes Loons batting - Pitching for Dayton Dragons : RHP Vic Flores
Batting: RHB T.J. Jordan 0-0: Called Strike
0-1: Foul Ball, location: 2F
0-2: Foul Ball, location: 2F
0-2: Ball
1-2: Strikes out swinging
Batting: RHB Trevor Conklin 0-0: SOLO HOME RUN (Flyball, 9LD, EV 94.4 MPH), Distance : 338 ft
Batting: SHB Nate Kopchak 0-0: Ball
1-0: Ball
2-0: Ground out 6-3 (Groundball, 6M, EV 83.8 MPH)
Batting: SHB Xavier Alaniz 0-0: Called Strike
0-1: Ball
1-1: Ball
2-1: Ground out 4-3 (Groundball, 4, EV 76.9 MPH)
Top of the 8th over - 1 run, 1 hit, 0 errors, 0 left on base; Great Lakes 4 - Dayton 4
BOTTOM OF THE 8TH
Dayton Dragons batting - Pitching for Great Lakes Loons : RHP Carlos Llamas
Batting: LHB Armando Arellano 0-0: Swinging Strike
0-1: Ground out 4-3 (Groundball, 34, EV 91.9 MPH)
Batting: LHB Fernando Gomez 0-0: Called Strike
0-1: TRIPLE (Line Drive, 9LD, EV 101.9 MPH)
Batting: RHB Pedro Pinero 0-0: Intentional Walk
Batting: RHB Mark Williams 0-0: Ball
1-0: Called Strike
Pedro Pinero steals 2nd base
1-1: Ground out 5-3 (Groundball, 56S, EV 71.9 MPH)
Batting: LHB Chris Redhead 0-0: Intentional Walk
Batting: RHB Tony Casas 0-0: Foul Ball, location: 2F
0-1: Called Strike
0-2: Ball
1-2: Ball
2-2: Ground out 5-3 (Groundball, 56S, EV 75.6 MPH)
Bottom of the 8th over - 0 runs, 1 hit, 0 errors, 3 left on base; Great Lakes 4 - Dayton 4
TOP OF THE 9TH
Great Lakes Loons batting - Pitching for Dayton Dragons : RHP Vic Flores
Pitching: RHP Brian Trejo
Batting: RHB Josh Crenwelge 0-0: Ball
1-0: Foul Ball, location: 2F
1-1: Swinging Strike
1-2: Ground out 6-3 (Groundball, 6, EV 93.8 MPH)
Batting: LHB Jose Robles 0-0: Ground out 5-3 (Groundball, 5, EV 93.1 MPH)
Batting: LHB Stephen Van Raalte 0-0: Swinging Strike
0-1: Ball
1-1: Ball
2-1: Ball
3-1: Base on Balls
Batting: RHB Brad Brady 0-0: Called Strike
0-1: Ball
1-1: Foul Ball, location: 2F
1-2: Ball
2-2: Ball
3-2: Base on Balls
Stephen Van Raalte to second
Batting: RHB Steve Clark 0-0: Called Strike
0-1: Swinging Strike
0-2: Ball
1-2: Strikes out looking
Top of the 9th over - 0 runs, 0 hits, 0 errors, 2 left on base; Great Lakes 4 - Dayton 4
BOTTOM OF THE 9TH
Dayton Dragons batting - Pitching for Great Lakes Loons : RHP Carlos Llamas
Batting: LHB Brian Snyder 0-0: Ball
1-0: Swinging Strike
1-1: Foul Ball, location: 2F
1-2: Strikes out looking
Batting: LHB Phil Lomax 0-0: Hit by Pitch
Batting: RHB Felipe Pineda 0-0: Ball
Phil Lomax steals 2nd base (no throw)
1-0: Fly out, F8 (Flyball, 8LXD, EV 109.4 MPH)
Runner from 2nd tags up, SAFE at 3rd, no throw by CF
Pinch Hitting: RHB Jordan Torres 0-0: Fly out, F8 (Flyball, 8RM, EV 90.0 MPH)
Bottom of the 9th over - 0 runs, 0 hits, 0 errors, 1 left on base; Great Lakes 4 - Dayton 4
TOP OF THE 10TH
Great Lakes Loons batting - Pitching for Dayton Dragons : RHP Brian Trejo
Now in RF: Rongo Olopoto
Batting: RHB T.J. Jordan 0-0: Called Strike
0-1: Ball
1-1: Foul Ball, location: 2F
1-2: Foul Ball, location: 2F
1-2: Strikes out looking
Batting: RHB Trevor Conklin 0-0: Called Strike
0-1: Ground out 5-3 (Groundball, 56, EV 88.8 MPH)
Batting: SHB Nate Kopchak 0-0: Swinging Strike
0-1: Foul Ball, location: 2F
0-2: Ground out 6-3 (Groundball, 6MS, EV 82.5 MPH)
Top of the 10th over - 0 runs, 0 hits, 0 errors, 0 left on base; Great Lakes 4 - Dayton 4
BOTTOM OF THE 10TH
Dayton Dragons batting - Pitching for Great Lakes Loons : RHP Carlos Llamas
Pitching: LHP William Lobo
Batting: LHB Fernando Gomez 0-0: Ball
1-0: Ball
2-0: Swinging Strike
2-1: Foul Ball, location: 2F
2-2: Ball
3-2: Foul Ball, location: 2F
3-2: Ground out 5-3 (Groundball, 56, EV 82.5 MPH)
Batting: RHB Pedro Pinero 0-0: Called Strike
0-1: Ball
1-1: Ball
2-1: Ball
3-1: Base on Balls
Batting: RHB Mark Williams 0-0: Ball
1-0: Foul Ball, location: 2F
1-1: Foul Ball, location: 2F
1-2: Ground out 6-3 (Groundball, 6S, EV 66.2 MPH)
Pedro Pinero to second
Batting: LHB Chris Redhead 0-0: Called Strike
0-1: Ball
1-1: Ground out 1-3 (Groundball, 15, EV 64.4 MPH)
Bottom of the 10th over - 0 runs, 0 hits, 0 errors, 1 left on base; Great Lakes 4 - Dayton 4
TOP OF THE 11TH
Great Lakes Loons batting - Pitching for Dayton Dragons : RHP Brian Trejo
Batting: SHB Xavier Alaniz 0-0: Foul Ball, location: 2F
0-1: Ground out U3 (Groundball, 34, EV 100.6 MPH)
Batting: RHB Josh Crenwelge 0-0: Foul Ball, location: 2F
0-1: Ball
1-1: Ball
2-1: Ball
3-1: Swinging Strike
3-2: Foul Ball, location: 2F
3-2: Fly out, F7 (Flyball, 78M, EV 93.8 MPH)
Batting: LHB Jose Robles 0-0: Ball
1-0: Foul Ball, location: 2F
1-1: Ball
2-1: Called Strike
2-2: SINGLE (Line Drive, 6D, EV 96.2 MPH)
Pitching: RHP Colin Stone
Batting: LHB Stephen Van Raalte 0-0: Ball
1-0: Ball
2-0: Fly out, F6 (Popup, 6MD, EV 47.5 MPH)
Top of the 11th over - 0 runs, 1 hit, 0 errors, 1 left on base; Great Lakes 4 - Dayton 4
BOTTOM OF THE 11TH
Dayton Dragons batting - Pitching for Great Lakes Loons : LHP William Lobo
Batting: RHB Tony Casas 0-0: Ball
1-0: Foul Ball, location: 2F
1-1: Ground out 4-3 (Groundball, 4MS, EV 61.2 MPH)
Batting: LHB Brian Snyder 0-0: Ball
1-0: Ball
2-0: Fly out, F5 (Popup, 6, EV 78.1 MPH)
Batting: RHB Joe Kooyers 0-0: Ball
1-0: Called Strike
1-1: Ball
2-1: Ball
3-1: Called Strike
3-2: Ground out 4-3 (Groundball, 4, EV 86.2 MPH)
Bottom of the 11th over - 0 runs, 0 hits, 0 errors, 0 left on base; Great Lakes 4 - Dayton 4
TOP OF THE 12TH
Great Lakes Loons batting - Pitching for Dayton Dragons : RHP Colin Stone
Batting: RHB Brad Brady 0-0: Called Strike
0-1: Swinging Strike
0-2: Ball
1-2: Ball
2-2: Strikes out swinging
Batting: RHB Steve Clark 0-0: Ball
1-0: Ball
2-0: Foul Ball, location: 2F
2-1: Ball
3-1: Ground out U3 (Groundball, 34S, EV 91.9 MPH)
Pinch Hitting: SHB Justin Toth 0-0: Called Strike
0-1: SINGLE (Groundball, 6D, EV 101.9 MPH)
Batting: RHB Trevor Conklin 0-0: Foul Ball, location: 2F
0-1: Foul Ball, location: 2F
0-2: Ball
1-2: Ball
2-2: Fly out, F7 (Flyball, 7, EV 84.4 MPH)
Top of the 12th over - 0 runs, 1 hit, 0 errors, 1 left on base; Great Lakes 4 - Dayton 4
BOTTOM OF THE 12TH
Dayton Dragons batting - Pitching for Great Lakes Loons : LHP William Lobo
Now at C: Daniel Samano
Batting: RHB Felipe Pineda 0-0: Ball
1-0: Ground out 5-3 (Groundball, 5S, EV 74.4 MPH)
Batting: RHB Rongo Olopoto 0-0: Called Strike
0-1: Swinging Strike
0-2: Strikes out swinging
Batting: LHB Fernando Gomez 0-0: Ball
1-0: DOUBLE (Line Drive, 78D, EV 110.6 MPH)
Batting: RHB Pedro Pinero 0-0: Ball
1-0: Foul Ball, location: 2F
1-1: Swinging Strike
1-2: Ball
2-2: Ball
3-2: Strikes out swinging
Bottom of the 12th over - 0 runs, 1 hit, 0 errors, 1 left on base; Great Lakes 4 - Dayton 4
TOP OF THE 13TH
Great Lakes Loons batting - Pitching for Dayton Dragons : RHP Colin Stone
Pitching: RHP Kyle Vance
Batting: SHB Nate Kopchak 0-0: Ball
1-0: Ground out 4-3 (Groundball, 4, EV 108.8 MPH)
Batting: SHB Xavier Alaniz 0-0: Called Strike
0-1: Called Strike
0-2: Ball
1-2: Ground out 6-3 (Groundball, 4, EV 104.4 MPH)
Batting: RHB Josh Crenwelge 0-0: Called Strike
0-1: Foul Ball, location: 2F
0-2: Strikes out swinging
Top of the 13th over - 0 runs, 0 hits, 0 errors, 0 left on base; Great Lakes 4 - Dayton 4
BOTTOM OF THE 13TH
Dayton Dragons batting - Pitching for Great Lakes Loons : LHP William Lobo
Pitching: RHP Ignacio Gomez
Batting: RHB Mark Williams 0-0: Ball
1-0: Ball
2-0: Called Strike
2-1: Called Strike
2-2: Ball
3-2: Strikes out swinging
Pitching: LHP Ben Moore
Batting: LHB Chris Redhead 0-0: Called Strike
0-1: Ball
1-1: Swinging Strike
1-2: SINGLE (Groundball, 56D, EV 97.5 MPH)
Batting: RHB Tony Casas 0-0: Foul Ball, location: 2F
0-1: Fly out, F7 (Flyball, 7LSF, EV 85.0 MPH)
Batting: LHB Brian Snyder 0-0: Ball
1-0: Ball
2-0: Foul Ball, location: 2F
2-1: Foul Ball, location: 2F
2-2: Ball
3-2: Strikes out swinging
Bottom of the 13th over - 0 runs, 1 hit, 0 errors, 1 left on base; Great Lakes 4 - Dayton 4
TOP OF THE 14TH
Great Lakes Loons batting - Pitching for Dayton Dragons : RHP Kyle Vance
Batting: LHB Jose Robles 0-0: Foul Ball, location: 2F
0-1: Swinging Strike
0-2: Strikes out looking
Batting: LHB Stephen Van Raalte 0-0: Ball
1-0: Ball
2-0: Ball
3-0: Base on Balls
Batting: RHB Brad Brady 0-0: Ball
1-0: Ball
2-0: Ball
3-0: Base on Balls
Stephen Van Raalte to second
Batting: RHB Steve Clark 0-0: Ball
1-0: Called Strike
1-1: Foul Ball, location: 2F
1-2: Ball
2-2: Strikes out swinging
Batting: RHB Daniel Samano 0-0: Called Strike
0-1: Ball
1-1: Fly out, F7 (Flyball, 7S, EV 95.0 MPH)
Top of the 14th over - 0 runs, 0 hits, 0 errors, 2 left on base; Great Lakes 4 - Dayton 4
BOTTOM OF THE 14TH
Dayton Dragons batting - Pitching for Great Lakes Loons : LHP Ben Moore
Batting: RHB Joe Kooyers 0-0: Ball
1-0: Foul Ball, location: 2F
1-1: Foul Ball, location: 2F
1-2: Foul Ball, location: 2F
1-2: Ball
2-2: Ground out 1-3 (Groundball, 34S, EV 66.9 MPH)
Batting: RHB Felipe Pineda 0-0: Called Strike
0-1: Swinging Strike
0-2: Strikes out swinging
Batting: RHB Rongo Olopoto 0-0: Ball
1-0: Foul Ball, location: 2F
1-1: Foul Ball, location: 2F
1-2: Strikes out swinging
Bottom of the 14th over - 0 runs, 0 hits, 0 errors, 0 left on base; Great Lakes 4 - Dayton 4
TOP OF THE 15TH
Great Lakes Loons batting - Pitching for Dayton Dragons : RHP Kyle Vance
Batting: RHB Trevor Conklin 0-0: Foul Ball, location: 2F
0-1: Foul Ball, location: 2F
0-2: Strikes out swinging
Pitching: RHP Ace Gaskins
Batting: SHB Nate Kopchak 0-0: Ball
1-0: Ball
2-0: Ball
3-0: Called Strike
3-1: Foul Ball, location: 2F
3-2: Base on Balls
Batting: SHB Xavier Alaniz 0-0: Called Strike
Nate Kopchak steals 2nd base (no throw)
0-1: Foul Ball, location: 2F
0-2: Foul Ball, location: 2F
0-2: 2-RUN HOME RUN (Line Drive, 8RXD, EV 111.2 MPH), Distance : 420 ft
Batting: RHB Josh Crenwelge 0-0: Ball
1-0: Ball
2-0: SINGLE (Line Drive, 6MD, EV 101.9 MPH)
Batting: LHB Jose Robles 0-0: Ball
1-0: Ball
2-0: Called Strike
2-1: Swinging Strike
2-2: Foul Ball, location: 2F
2-2: Foul Ball, location: 2F
2-2: Foul Ball, location: 2F
2-2: Ball
3-2: Fielders Choice at 2nd, 6-4 (Groundball, 6M, EV 81.2 MPH)
Batting: LHB Stephen Van Raalte 0-0: Ball
1-0: Ball
2-0: Called Strike
2-1: Swinging Strike
2-2: Strikes out swinging
Top of the 15th over - 2 runs, 2 hits, 0 errors, 1 left on base; Great Lakes 6 - Dayton 4
BOTTOM OF THE 15TH
Dayton Dragons batting - Pitching for Great Lakes Loons : LHP Ben Moore
Batting: LHB Fernando Gomez 0-0: Ball
1-0: Ball
2-0: Swinging Strike
2-1: Called Strike
2-2: Ball
3-2: Foul Ball, location: 2F
3-2: Base on Balls
Batting: RHB Pedro Pinero 0-0: Ball
1-0: Grounds into double play, 4-6-3 (Groundball, 4S, EV 81.9 MPH)
Batting: RHB Mark Williams 0-0: Ball
1-0: Ball
2-0: Called Strike
2-1: Foul Ball, location: 2F
2-2: Strikes out swinging
Bottom of the 15th over - 0 runs, 0 hits, 0 errors, 0 left on base; Great Lakes 6 - Dayton 4
Thursday, December 15th , 2022 - OOTP Baseball 23.9 Build 102